 Dungeon Crawl Stone Soup version 0.31.0-11-ge490571c62 (webtiles) character file.

Game seed: 14675091180394096639

2427 Arcadio the Thaumaturge (level 9, -12/45 HPs)
             Began as a Deep Elf Conjurer on Jan 29, 2024.
             Was a Believer of Sif Muna.
             Shot with a sling bullet by Joseph (19 damage)
             ... on level 8 of the Dungeon.
             The game lasted 00:10:41 (8913 turns).

Arcadio the Thaumaturge (Deep Elf Conjurer)         Turns: 8913, Time: 00:10:41

Health: -12/45     AC:  7    Str:  4    XL:     9   Next: 24%
Magic:  22/24      EV: 16    Int: 28    God:    Sif Muna [**....]
Gold:   159        SH:  0    Dex: 13    Spells: 13/27 levels left

rFire   . . .        d - +0 short sword
rCold   . . .        (no shield)
rNeg    + . .        G - +0 steam dragon scales
rPois   .            (no helmet)
rElec   .            (no cloak)
rCorr   .            F - +0 pair of gloves {hurl}
SInv    .            j - +0 pair of boots
Will    .....        (no amulet)
Stlth   ++           p - ring of positive energy
HPRegen 0.27/turn    (no ring)
MPRegen 0.19/turn

%: no passive effects
@: no status effects
A: no striking features
a: Renounce Religion, Channel Magic


You were on level 8 of the Dungeon.
You worshipped Sif Muna.
Sif Muna was pleased with you.
You visited 2 branches of the dungeon, and saw 9 of its levels.
You also visited: Sewer.

You collected 346 gold pieces.
You spent 187 gold pieces at shops.

Inventory:

Hand Weapons
 d - a +0 short sword (weapon)
Missiles
 m - a throwing net
Armour
 a - a +0 robe
 j - a +0 pair of boots (worn)
 n - a +0 pair of gloves
 F - a +0 pair of gloves of hurling (worn)
 G - +0 steam dragon scales (worn)
Jewellery
 p - a ring of positive energy (left hand)
 s - an amulet of guardian spirit
 E - a +6 ring of dexterity
 H - a ring of poison resistance
Wands
 A - a wand of mindburst (14)
Scrolls
 c - 2 scrolls of torment {unknown}
 e - 2 scrolls of fog {unknown}
 g - 9 scrolls of identify {unknown}
 h - 2 scrolls of enchant armour {unknown}
 l - 5 scrolls of fear {unknown}
 o - a scroll of silence {unknown}
 r - a scroll of revelation {unknown}
 v - a scroll of amnesia {unknown}
 y - a scroll of summoning {unknown}
 B - 2 scrolls of teleportation {unknown}
Potions
 b - 2 potions of magic
 f - a potion of invisibility {unknown}
 i - 2 potions of mutation {unknown}
 k - a potion of attraction {unknown}
 q - a potion of resistance {unknown}
 t - a potion of might {unknown}
 u - 3 potions of lignification {unknown}
 w - a potion of curing {unknown}
 x - a potion of cancellation {unknown}
 z - a potion of haste {unknown}
 C - 2 potions of heal wounds {unknown}
 D - a potion of enlightenment {unknown}


   Skills:
 + Level 9.0 Dodging
 - Level 2.4 Stealth
 + Level 9.8 Spellcasting
 + Level 9.0 Conjurations


You had 13 spell levels left.
You knew the following spells:

 Your Spells              Type           Power      Damage    Failure   Level
a - Magic Dart            Conj           100%       1d8       1%          1
b - Searing Ray           Conj           100%       2d8       1%          2
c - Fulminant Prism       Conj/Alch      19%        3d10      6%          4
d - Iskenderun's Mystic   Conj/Tloc      39%        2d9       6%          4
e - Hailstorm             Conj/Ice       39%        3d9       1%          3

Your spell library contained the following spells:

 Spells                   Type           Power      Damage    Failure   Level
 Summon Ice Beast         Ice/Summ       13%        N/A       12%         3
 Manifold Assault         Tloc           13%        N/A       38%         4
 Dispersal                Tloc           6%         N/A       99%         6
 Sculpt Simulacrum        Ice/Alch       6%         N/A       99%         6
 Disjunction              Tloc           6%         N/A       100%        8


Dungeon Overview and Level Annotations

Branches:
Dungeon (8/15)             Temple (1/1) D:7           Sewer (visited)
   Lair: D:8-11

Altars:
Ashenzari
Cheibriados
Dithmenos
Elyvilon
Fedhas
Gozag
Hepliaklqana
Kikubaaqudgha
Nemelex Xobeh
Okawaru
Qazlal
Ru
Sif Muna
Trog
Uskayaw
Vehumet
Wu Jian
Xom
Yredelemnul
Zin
The Shining One

Shops:
D:4 =   D:7 [

Annotations:
D:8 Joseph


Message History

Things that are here:
+0 steam dragon scales; a steam dragon corpse G - +0 steam dragon scales You start removing your armour.
You continue taking off your +0 robe. x4
You finish taking off your +0 robe.
You start putting on your armour.
You continue putting on your +0 steam dragon scales. x5
You finish putting on your +0 steam dragon scales.
You now have 159 gold pieces (gained 8).
g - 9 scrolls labelled ESHEIX ZITEJAY (gained 3)
H - a ring of poison resistance
There is a stone staircase leading down here.
Joseph, a Mercenary comes into view.
He is wielding a +0 quarterstaff.
Joseph shouts!
Joseph unwields a +0 quarterstaff.
Joseph wields a +0 sling.
Joseph shoots a sling bullet.
The sling bullet hits you.
Casting: Searing Ray (safe; 1% risk of failure)
Confirm with . or Enter, or press ? or * to list all spells.
You can't see any susceptible monsters within range! (Use Z to cast anyway.)
Casting: Searing Ray (safe; 1% risk of failure)
Confirm with . or Enter, or press ? or * to list all spells.
Aiming: Searing Ray (safe; 1% risk of failure)
Press: ? - help, Shift-Dir - straight line, f - Joseph
Aim: Joseph, wielding a +0 sling and wearing a +0 ring mail (85% to hit)
The searing ray hits Joseph!
Joseph is lightly wounded. (Press . to maintain the ray.) Joseph shoots a sling bullet.
The sling bullet hits you!
The searing ray hits Joseph!
Joseph is moderately wounded.
Joseph shoots a sling bullet.
The sling bullet hits you!
The searing ray hits Joseph.
Joseph is moderately wounded.
Joseph shoots a sling bullet.
The sling bullet hits you!
* * * LOW HITPOINT WARNING * * *
You hear a howl!
There is a stone staircase leading down here.
Joseph says, "You will never get the ORB, sorry."
Joseph shoots a sling bullet.
The sling bullet hits you!!
You die...

#...@#..........
#.^............
##..........#
#....##.....#
##...##@.....##
#.............##
###..............# ...#
...........####...###....
#.....#@### .........
#...##.## ........
####...## ##......#
#......# ###.......#
#......######..........
##....#.##..........#
##...##....####...##
######.#### ##..# #.##
##..#


You could see Joseph.

Vanquished Creatures
  A steam dragon (D:8)
  3 water moccasins
  2 ice beasts
  A black bear (D:5)
  2 ogres
  2 centaurs
  5 bullfrogs
  2 gnoll sergeants
  2 scorpions (D:6)
  2 howler monkeys (D:6)
  2 bombardier beetles
  3 hounds
  2 jellies
  2 orc priests (D:7)
  An iguana (D:7)
  3 orc wizards
  A sleepcap (D:6)
  A hell rat (Sewer)
  10 adders
  10 gnolls
  A river rat (Sewer)
  2 white imps
  A dart slug (D:3)
  2 ribbon worms
  9 orcs
  5 ball pythons
  7 endoplasms
  5 giant cockroaches
  7 goblins
  3 hobgoblins
  3 jackals (D:1)
  A quokka (D:1)
  8 bats
  A frilled lizard (D:1)
  6 kobolds
  13 rats
131 creatures vanquished.

Notes
Turn   | Place    | Note
-------+----------+-------------------------------------------
     0 | D:1      | Arcadio the Deep Elf Conjurer began the quest for the Orb.
     0 | D:1      | Reached XP level 1. HP: 10/10 MP: 6/6
   310 | D:1      | Reached XP level 2. HP: 15/15 MP: 6/8
   765 | D:1      | Found a faded altar of an unknown god.
  1118 | D:1      | Reached XP level 3. HP: 8/19 MP: 6/10
  1121 | D:1      | Learned a level 2 spell: Searing Ray
  1268 | D:2      | Reached skill level 5 in Conjurations
  1501 | D:2      | Reached XP level 4. HP: 23/24 MP: 6/12
  1661 | D:2      | Found a glowing golden altar of the Shining One.
  1694 | D:2      | Became a worshipper of the Shining One
  2242 | D:3      | Found a blossoming altar of Fedhas.
  2378 | D:3      | Found a shimmering blue altar of Sif Muna.
  2380 | D:3      | Found a hide-covered altar of Uskayaw.
  2387 | D:3      | Fell from the grace of the Shining One
  2387 | D:3      | Became a worshipper of Sif Muna the Loreminder
  2389 | D:3      | Found a sparkling altar of Nemelex Xobeh.
  2392 | D:3      | Found an iron altar of Okawaru.
  2397 | D:3      | Found a bloodstained altar of Trog.
  2400 | D:3      | Found a basalt altar of Yredelemnul.
  2831 | D:4      | Found an ancient bone altar of Kikubaaqudgha.
  3020 | D:4      | Reached XP level 5. HP: 20/28 MP: 4/14
  3122 | D:4      | Found Uphuwiuh's Jewellery Shoppe.
  3360 | D:4      | Found a hazy altar of Hepliaklqana.
  3427 | D:4      | Found a glowing drain.
  3438 | Sewer    | Entered a sewer
  3565 | Sewer    | Reached skill level 5 in Spellcasting
  3977 | D:5      | Entered Level 5 of the Dungeon
  4066 | D:5      | Noticed a black bear
  4075 | D:5      | Killed a black bear
  4076 | D:5      | Reached skill level 5 in Dodging
  4076 | D:5      | Reached XP level 6. HP: 21/32 MP: 6/16
  4469 | D:5      | Noticed an ice beast
  4474 | D:5      | Killed an ice beast
  4475 | D:5      | Reached XP level 7. HP: 23/36 MP: 10/18
  4538 | D:5      | Reached * piety under Sif Muna
  5920 | D:6      | Reached XP level 8. HP: 41/41 MP: 16/21
  7148 | D:7      | Identified the +0 plate armour of the Imp {Str-3 Int+6
                  | SInv}
  7308 | D:7      | Learned a level 4 spell: Fulminant Prism
  7319 | D:7      | Learned a level 4 spell: Iskenderun's Mystic Blast
  7503 | D:7      | Found a staircase to the Ecumenical Temple.
  7512 | Temple   | Entered the Ecumenical Temple
  7615 | D:7      | Reached ** piety under Sif Muna
  7776 | D:7      | Found a sacrificial altar of Ru.
  7823 | D:7      | Found Zassakimn's Antique Armour Shoppe.
  7826 | D:7      | Bought a pair of runed gloves for 187 gold pieces
  7872 | D:7      | Learned a level 3 spell: Hailstorm
  8245 | D:7      | Identified the beast talisman of Honour {rN+ Int+5 Dex-5}
  8253 | D:7      | Reached XP level 9. HP: 35/45 MP: 16/24
  8366 | D:7      | Found a broken altar of Ashenzari.
  8897 | D:8      | Noticed Joseph
  8913 | D:8      | Shot with a sling bullet by Joseph

Illustrated notes

Levels and vault maps discovered:
D:1:      denvon_arrival_waterhouse, layout_loops_corners,
          dreamdust_ecumenical_altar_statues, minmay_liquid_box
D:2:      layout_rooms, basic_altar
D:3:      layout_rooms, nicolae_overflow_hallway_of_the_gods, lemuel_tele_altar
D:4:      cheibrodos_quashed, layout_loops_ring, nicolae_overflow_crystal_walls,
          mainiacjoe_overflow_six_doors_small, serial_shops,
          nicolae_square_shop, portal_sewer_entry_d, minivault_1
D:5:      black_bear_nest_1, layout_rooms
D:6:      layout_basic
D:7:      layout_basic, nicolae_ru_path_of_blood, marbit_many_paths,
          minmay_temple_entry_wispy, serial_shops, kennysheep_mini
D:8:      layout_layer_cave, uniq_joseph
Temple:   nicolae_temple_ecumenical_triangle

Skill      XL: |  1  2  3  4  5  6  7  8  9 |
---------------+----------------------------+-----
Dodging        | 3 4 5 6 8 9 |  9.0
Spellcasting   | 4 5 6 7 9 |  9.8
Conjurations   | 5 6 7 8 9 |  9.0
Stealth        | |  2.4

Action                     |  1- 3 |  4- 6 |  7- 9 || total
---------------------------+-------+-------+-------++-------
   Cast: Magic Dart        |    33 |    53 |     5 ||    91
         Searing Ray       |     5 |    34 |    54 ||    93
 Armour: Robe              |    13 |    19 |    39 ||    71
         Steam dragon scal |       |       |     5 ||     5
  Dodge: Dodged            |    11 |    23 |    38 ||    72
